 Dungeon Crawl Stone Soup version 0.26-a0-800-g517d6fe721 (webtiles) character file.

Game seed: 3720136809471875888

644 lunkers the Digger (level 7, -1/41 HPs)
             Began as an Octopode Earth Elementalist on Nov 11, 2020.
             Slain by a gnoll shaman
             ... wielding a +0 club
              (11 damage)
             ... on level 4 of the Dungeon.
             The game lasted 00:08:21 (4218 turns).

lunkers the Digger (Octopode Earth Elementalist)    Turns: 4218, Time: 00:08:21

Health: -1/41      AC:  1    Str:  8    XL:     7   Next: 52%
Magic:  6/13       EV: 13    Int: 19    God:
Gold:   158        SH:  4    Dex: 12    Spells: 8/14 levels left

rFire    . . .     SeeInvis .   b - +1 mace (venom)
rCold    . . .     Faith    .   v - +0 buckler
rNeg     . . .     Spirit   .   (helmet restricted)
rPois    .         Reflect  .   (no amulet)
rElec    .         Harm     .   (no ring)
rCorr    .         Rampage  .   (no ring)
MR       .....                  (no ring)
Stlth    +++.......             (no ring)
HPRegen  0.13/turn              (no ring)
MPRegen  0.13/turn              (no ring)
                                (no ring)
                                (no ring)

@: no status effects
A: almost no armour, stealthy swim, amphibious, 8 rings, constrict 8, camouflage
1, gelatinous body 1
a: no special abilities


You were on level 4 of the Dungeon.
You visited 1 branch of the dungeon, and saw 4 of its levels.

You collected 158 gold pieces.

Inventory:

Hand Weapons
 b - a +1 mace of venom (weapon)
Missiles
 m - 93 stones (quivered)
Armour
 v - a +0 buckler (worn)
Jewellery
 t - an uncursed amulet of faith
Wands
 s - a wand of random effects (40)
Scrolls
 d - 3 scrolls of teleportation {unknown}
 h - 3 scrolls of remove curse {unknown}
 k - 6 scrolls of identify {unknown}
 l - a scroll of enchant weapon {unknown}
 n - a scroll of amnesia {unknown}
 o - a scroll of noise {unknown}
 q - 2 scrolls of immolation {unknown}
 r - a scroll of magic mapping {unknown}
Potions
 a - 3 potions of brilliance {unknown}
 c - 2 potions of berserk rage {unknown}
 e - a potion of mutation {unknown}
 f - 4 potions of curing {unknown}
 g - a potion of invisibility
 i - 2 potions of attraction {unknown}
 j - a potion of heal wounds {unknown}
 p - 2 potions of haste {unknown}
 u - a potion of lignification {unknown}


   Skills:
 - Level 2.0 Dodging
 - Level 2.6 Stealth
 + Level 1.5 Shields
 + Level 4.4 Spellcasting
 - Level 1.0 Transmutations
 * Level 7.0 Earth Magic


You had 8 spell levels left.
You knew the following spells:

 Your Spells              Type           Power        Failure   Level
a - Sandblast             Erth           ####..       1%          1
b - Passwall              Tmut/Erth      ###.....     5%          2
c - Stone Arrow           Conj/Erth      ###...       13%         3

Your spell library contained the following spells:

 Spells                   Type           Power        Failure   Level
 Lee's Rapid Deconstruct  Erth           ####......   28%         5
 Petrify                  Tmut/Erth      ###.....     34%         4


Dungeon Overview and Level Annotations

Branches:
Dungeon (4/15)
 Temple: D:4-7

Altars:
Ashenzari
Beogh

Annotations:
D:4 3 runed translucent doors, Sigmund; om's ghost, amateur MiFi


Innate Abilities, Weirdness & Mutations

You cannot wear most types of armour.
You are very stealthy in the water. (Stealth+)
You are amphibious.
You can wear up to eight rings at the same time.
You can use your tentacles to constrict eight enemies at once.
Your skin changes colour to match your surroundings (Stealth+).
Your rubbery body absorbs attacks. (AC +1, EV +1)


Message History

Your Earth Magic skill increases to level 7!
You feel a bit more experienced.
m - 95 stones
Casting: Sandblast (safe; 1% risk of failure)
Confirm with . or Enter, or press ? or * to list all spells.
Aiming: Sandblast (safe; 1% risk of failure)
Press: ? - help, Shift-Dir - straight line, f/p - gnoll shaman
Aim: a gnoll shaman, wielding a +0 club and wearing a +0 robe The blast of sand hits the gnoll shaman but does no damage.
m - 94 stones
Casting: Sandblast (safe; 1% risk of failure)
Confirm with . or Enter, or press ? or * to list all spells.
Aiming: Sandblast (safe; 1% risk of failure)
Press: ? - help, Shift-Dir - straight line, f/p - gnoll shaman
Aim: a gnoll shaman, wielding a +0 club and wearing a +0 robe The blast of sand hits the gnoll shaman but does no damage.
m - 93 stones The gnoll closely misses you.
The gnoll shaman hits you with a +0 club!
You die...

###.#.....##..####......
#.......................
#?#.#.....#######..#.##.
#.#..Z..# #..#####
#.###.### #..##8.. #.
#.# #...#... #. #g#
#.<.#.#8 #. #g# #...#.##
#. #@#########...#ooo
#.##...>.†....#oWo
#.##.######...#### ...
####...8... ...
.........†.. ##...
######..#### #.## #..#
#.. ..... ###..##


You could see a gnoll shaman, a gnoll (fast) and an adder skeleton.

Vanquished Creatures
  An ogre (D:3)
  Blork the orc (D:4)
  4 wights (D:3)
  A bullfrog skeleton (D:4)
  3 orc wizards (D:4)
  A worker ant (D:4)
  2 gnolls (D:4)
  4 adders
  2 oozes (D:1)
  A worm (D:2)
  A dart slug (D:2)
  4 leopard geckos
  An orc (D:4)
  A ball python (D:2)
  10 bats
  A giant cockroach (D:4)
  10 hobgoblins
  22 jackals
  9 kobolds
  2 quokkas
  6 frilled lizards
  18 goblins
  7 rats
112 creatures vanquished.

Vanquished Creatures (others)
  8 plants (D:2)
8 creatures vanquished.

Grand Total: 120 creatures vanquished

Notes
Turn   | Place    | Note
-------+----------+-------------------------------------------
     0 | D:1      | lunkers the Octopode Earth Elementalist began the quest for
                  | the Orb.
     0 | D:1      | Reached XP level 1. HP: 11/11 MP: 3/3
   125 | D:1      | Reached XP level 2. HP: 13/17 MP: 0/5
   611 | D:1      | Reached XP level 3. HP: 21/21 MP: 3/6
   857 | D:1      | Reached skill level 4 in Earth Magic
  1151 | D:1      | Learned a level 2 spell: Passwall
  1164 | D:1      | Learned a level 3 spell: Stone Arrow
  1363 | D:2      | Reached XP level 4. HP: 27/27 MP: 8/8
  2677 | D:3      | Reached XP level 5. HP: 20/31 MP: 9/9
  2829 | D:3      | Noticed an ogre
  2843 | D:3      | Killed an ogre
  2843 | D:3      | Reached skill level 5 in Earth Magic
  3351 | D:3      | Reached XP level 6. HP: 22/36 MP: 5/11
  3355 | D:3      | Reached skill level 6 in Earth Magic
  3826 | D:4      | Noticed Sigmund
  3836 | D:4      | Reached XP level 7. HP: 41/41 MP: 9/13
  3954 | D:4      | Reached skill level 1 in Shields
  4079 | D:4      | Found a runed translucent gate.
  4079 | D:4      | Found a runed translucent gate.
  4079 | D:4      | Found a runed translucent gate.
  4080 | D:4      | Found a roughly hewn altar of Beogh.
  4081 | D:4      | Identified the +5 chain mail of Egux {+Fly Dex+4}
  4082 | D:4      | Noticed om's ghost (amateur MiFi)
  4175 | D:4      | Found a broken altar of Ashenzari.
  4179 | D:4      | Noticed Blork the orc
  4216 | D:4      | Killed Blork the orc
  4216 | D:4      | Reached skill level 7 in Earth Magic
  4218 | D:4      | Slain by a gnoll shaman

Illustrated notes

Levels and vault maps discovered:
D:1:      minmay_arrival_five_plusses, layout_loops_ring,
          minmay_misc_feat_square, minmay_tiny_reverse_x
D:2:      lemuel_upstairs_altar, layout_loops_cross, chequers_big_river,
          chequers_serial_rivers_small_a, minmay_close_crescents
D:3:      layout_loops_ring, minmay_ogre_servants
D:4:      layout_loops_ring, cheibrodos_ashenzari_chains, minitemple,
          biasface_ghost_orc_armoury, uniq_blork_the_orc, uniq_pikel,
          uniq_sigmund

Skill      XL: |  1  2  3  4  5  6  7 |
---------------+----------------------+-----
Earth Magic    | 4 5 6 7 |  7.0
Spellcasting   | 3 4 |  4.4
Shields        | 1 |  1.5
Dodging        | |  2.0
Stealth        | |  2.6
Transmutations | |  1.0

Action                   |  1- 3 |  4- 6 |  7- 9 || total
-------------------------+-------+-------+-------++-------
Melee: Unarmed           |    13 |       |       ||    13
       Tentacles         |     3 |    11 |     4 ||    18
       Constrict         |     6 |    31 |     6 ||    43
       Mace              |     2 |    94 |    24 ||   120
 Cast: Sandblast         |    42 |    24 |    13 ||    79
 Stab: Sleeping          |     1 |     9 |       ||    10
       Distracted        |       |     1 |       ||     1
Armor: Skin              |     3 |    10 |     2 ||    15
Dodge: Dodged            |    11 |    83 |    20 ||   114
Block: Buckler           |       |     1 |     7 ||     8

Table legend: (Time is in decaauts)
 A = Elapsed time spent in this place.
 B = Non-inter-level travel time spent in this place.
 C = Inter-level travel time spent in this place.
 D = Time resting spent in this place.
 E = Time spent auto-exploring this place.
 F = Levels seen in this place.
 G = Mean time per level.
                   A        B        C        D        E       F      G
               +--------+--------+--------+--------+--------+-----+--------+
         Total |   4265 |   4184 |     81 |    188 |   3214 |   4 | 1066.2 |
       Dungeon |   4265 |   4184 |     81 |    188 |   3214 |   4 | 1066.2 |
               +--------+--------+--------+--------+--------+-----+--------+

Top non-repeatable levels by time:
     D:3: 1334 daAuts
     D:1: 1311 daAuts
     D:2: 1196 daAuts
     D:4: 423 daAuts
